 Dungeon Crawl Stone Soup version 0.19-a0-1740-g0bcaf2e (webtiles) character file.

28 Amnesiac the Digger (level 3, -3/24 HPs)
             Began as a Mummy Earth Elementalist on Oct 1, 2016.
             Slain by Pikel
             ... wielding a +2 whip of flaming
              (4 damage)
             ... on level 4 of the Dungeon.
             The game lasted 00:03:41 (1000 turns).

Amnesiac the Digger (Mummy Earth Elementalist)      Turns: 1000, Time: 00:03:41

Health: -3/24      AC:  4    Str: 11    XL:     3   Next: 0%
Magic:  6/6        EV: 12    Int: 14    God:
Gold:   69         SH:  0    Dex: 13    Spells: 2 memorised, 3 levels left

rFire  x . .     SeeInvis .     b - 23 stones
rCold  + . .     Gourm    .     c - +0 robe
rNeg   + + +     Faith    .     (no shield)
rPois  ∞         Spirit   .     j - +0 helmet (curse)
rElec  .         Dismiss  .     i - +0 cloak
rCorr  .         Reflect  .     (no gloves)
MR     .....     Harm     .     (no boots)
Stlth  ++........               (no amulet)
                                (no ring)
                                (no ring)

@: no status effects
A: no food or potions, fire vulnerability, cold resistance 1, negative energy
resistance 3, torment resistance, unbreathing
a: no special abilities


You were on level 4 of the Dungeon.
You were not hungry.

You visited 1 branch of the dungeon, and saw 4 of its levels.

You collected 69 gold pieces.

Inventory:

Hand Weapons
 f - a +0 dagger
Missiles
 b - 23 stones (in hand)
Armour
 c - a +0 robe (worn)
 i - a +0 cloak (worn)
 j - a cursed +0 helmet (worn)
Jewellery
 g - an uncursed ring of stealth {unknown}
 m - a +4 ring of strength {unknown}
Scrolls
 a - a scroll of teleportation
 e - a scroll of amnesia {unknown}
 h - a scroll of identify {unknown}
 k - a scroll of enchant armour {unknown}
 l - a scroll of fear {unknown}
Books
 d - a book of Geomancy

   Spells                             Type                      Level
   a - Sandblast                      Earth                        1
   b - Passwall                       Transmutation/Earth          2
   c - Stone Arrow                    Conjuration/Earth            3
   d - Petrify                        Transmutation/Earth          4
   e - Lee's Rapid Deconstruction     Earth                        5


   Skills:
 - Level 1.5 Dodging
 - Level 1.5 Stealth
 - Level 2.0 Spellcasting
 - Level 0.7 Transmutations
 + Level 3.4 Earth Magic


You had 3 spell levels left.
You knew the following spells:

 Your Spells              Type           Power        Failure   Level  Hunger
f - Sandblast             Erth           ##....       10%         1    N/A
v - Passwall              Tmut/Erth      #.........   17%         2    N/A

Dungeon Overview and Level Annotations

Branches:
Dungeon (4/15)
 Temple: D:4-7

Altars:

Annotations:
D:4 Pikel


Innate Abilities, Weirdness & Mutations

You do not eat or drink.
Your flesh is vulnerable to fire.
You are immune to poison.
Your flesh is cold resistant. (rC+)
You are immune to negative energy. (rN+++)
You are immune to unholy pain and torment.
You can survive without breathing.


Message History

The giant cockroach barely misses you.
Found a stone staircase leading up.
The giant cockroach bites you but does no damage.
The giant cockroach closely misses you.
Found 12 gold pieces.
The giant cockroach bites you but does no damage.
The giant cockroach bites you.
A frilled lizard comes into view.
The frilled lizard hisses angrily.
The giant cockroach barely misses you.
You open the door. Pikel hits you with a whip of flaming. Pikel burns you.
Found an emerald ring.
There is an open door here.
You see here an emerald ring.
m - an emerald ring Pikel hits you with a whip of flaming!
Pikel burns you.
You open the door. Pikel hits you with a whip of flaming!
* * * LOW HITPOINT WARNING * * *
Pikel burns you.
You die...

##################
..................
..................
..................
.................
#######l#.....##
........#.....#
......sK#.....#
.......@#.....+
####.##'#.....#
#.#.....#### .
#..$..# #. #.....#
#.....#########
###...........#
#...........#
#...........#


You could see Pikel, a giant cockroach and a frilled lizard.

Vanquished Creatures
  An adder (D:4)
  2 leopard geckos
  A giant cockroach (D:2)
  2 goblins (D:1)
  2 hobgoblins
  A kobold (D:3)
  3 bats
  3 frilled lizards
  4 rats
19 creatures vanquished.

Notes
Turn   | Place    | Note
-------+----------+-------------------------------------------
     0 | D:1      | Amnesiac the Mummy Earth Elementalist began the quest for the Orb.
     0 | D:1      | Reached XP level 1. HP: 13/13 MP: 3/3
   345 | D:2      | Reached XP level 2. HP: 14/19 MP: 0/5
   464 | D:2      | Reached skill level 3 in Earth Magic
   510 | D:3      | Learned a level 2 spell: Passwall
   771 | D:4      | Noticed Pikel
   771 | D:4      | Noticed a slave
   771 | D:4      | Noticed a slave
   771 | D:4      | Noticed a slave
   771 | D:4      | Noticed a slave
   933 | D:4      | Reached XP level 3. HP: 20/24 MP: 0/6
  1000 | D:4      | HP: 1/24 [Pikel/whip of flaming (7)]
  1000 | D:4      | Slain by Pikel

Vault maps used:
D:1:      eino_arrival_cavern_e, st_stairs_12
D:2:      marbit_many_paths, first_bread, uniq_robin
D:4:      minitemple, serial_shops, shop, uniq_crazy_yiuf_cottage, uniq_pikel

Skill      XL: |  1  2 |
---------------+-------+-----
Earth Magic    | 3 |  3.4
Dodging        | |  1.5
Stealth        | |  1.5
Spellcasting   | |  2.0
Transmutations | |  0.7

Action                   || total
-------------------------++-------
Melee: Dagger            ||     7
 Cast: Sandblast         ||    49
  Use: Scroll            ||     1
 Stab: Sleeping          ||     1
Armor: Robe              ||    15
Dodge: Dodged            ||    34
